Map: [ESL] Gresvan

Players

DisK

  • Race: Protoss Protoss
  • Spawn Location: 11:00

SpeCial - Winner!

  • Race: Terran Terran
  • Spawn Location: 5:00

Event: ESL SC2 Masters 2023 Summer (Regionals)

VOD

Have the link to the VOD?

Description

Time

  • Played on: May 6, 2023, 1:46 p.m.
  • Length: 10:16

All games in this series

Show
View Real Time Build Order
Export as new Build Order

DisK Protoss 

Build Orders: 1 Gate Expand, Blink Stalkers 

Get SALT Encoding   

  12  0:00  Probe  
  13  0:12  Probe  
  14  0:17  Pylon  
  14  0:24  Probe  
  15  0:35  Gateway  
  15  0:36  Probe (Chrono Boost)  
  16  0:46  Probe (Chrono Boost)  
  16  0:47  Assimilator  
  17  0:51  Probe (Chrono Boost)  
  18  1:02  Probe  
  19  1:15  Probe  
  20  1:22  Cybernetics Core  
  22  1:32  Nexus  
  20  1:35  Probe  
  21  1:41  Pylon  
  21  1:48  Assimilator  
  21  1:49  Probe  
  22  1:57  Adept (Chrono Boost)  
  24  2:04  Probe  
  24  2:06  Warp Gate  
  24  2:17  Adept (Chrono Boost)  
  24  2:18  Probe  
  27  2:24  Twilight Council  
  27  2:30  Probe  
  28  2:37  Shield Battery  
  28  2:42  Probe  
  28  2:43  Stalker  
  31  2:45  Probe  
  32  2:53  Shield Battery  
  32  2:56  Probe  
  33  3:02  Blink (Chrono Boost)  
  32  3:11  Probe  
  32  3:19  Probe  
  32  3:23  Probe  
  33  3:28  Gateway  
  33  3:32  Probe (Chrono Boost)  
  34  3:34  Robotics Facility  
  35  3:43  Probe (Chrono Boost)  
  35  3:52  Gateway  
  35  3:53  Probe (Chrono Boost)  
  36  3:58  Gateway  
  36  4:00  Stalker  
  38  4:03  Probe  
  38  4:07  Probe  
  40  4:21  Probe x2  
  40  4:22  Stalker  
  44  4:25  Observer (Chrono Boost)  
  44  4:29  Stalker  
  46  4:34  Observer  
  45  4:43  Probe  
  46  4:45  Pylon  
  46  4:47  Assimilator  
  46  5:03  Probe x2, Pylon, Warp Prism (Chrono Boost)  
  50  5:07  Stalker  
  52  5:15  Probe  
  51  5:24  Stalker x3  
  51  5:26  Probe  
  51  5:27  Probe  
  59  5:35  Pylon  
  59  5:38  Probe  
  59  5:40  Probe  
  59  5:55  Stalker x4  
  67  6:02  Probe x2  
  69  6:08  Pylon  
  65  6:24  Stalker  
  65  6:25  Stalker x3  
  63  6:32  Probe x2  
  61  6:43  Nexus  
  61  6:44  Probe x2  
  62  6:51  Stalker  
  55  6:56  Probe  
  55  6:57  Probe  
  56  7:03  Pylon  
  56  7:06  Observer  
  57  7:08  Probe  
  57  7:09  Probe  
  57  7:10  Dark Shrine  
  59  7:20  Probe  
  59  7:21  Probe  
  61  7:30  Assimilator  
  61  7:32  Probe  
  61  7:33  Probe  
  61  7:34  Gateway  
  61  7:35  Gateway  
  63  7:37  Shield Battery  
  63  7:38  Charge (Chrono Boost)  
  63  7:45  Probe  
  63  7:46  Probe  
  65  7:52  Gateway  
  65  7:54  Gateway  
  65  7:56  Probe  
  66  8:00  Probe x2  
  66  8:06  Immortal (Chrono Boost)  
  66  8:09  Probe  
  66  8:10  Pylon  
  66  8:11  Pylon  
  66  8:12  Probe x2  
  73  8:21  Probe  
  74  8:28  Dark Templar x2  
  74  8:32  Zealot x4  
  84  8:41  Pylon  
  82  8:49  Zealot x2  
  86  8:57  Zealot x4  
  86  8:58  Immortal  
  98  9:04  Shield Battery  
  92  9:13  Zealot  
  92  9:14  Zealot  
  92  9:15  Zealot x2  
  98  9:21  Zealot x4  
  92  9:32  Observer  
  92  9:37  Dark Templar  
  92  9:38  Zealot x3  
  78  9:50  Zealot x4  
  69  10:00  Zealot  
  69  10:01  Zealot x2  
Show
View Real Time Build Order
Export as new Build Order

SpeCial Terran - Winner!

Build Orders:  

Get SALT Encoding   

  12  0:00  SCV  
  13  0:12  SCV  
  14  0:17  Supply Depot  
  14  0:24  SCV  
  15  0:38  SCV  
  15  0:39  Barracks  
  16  0:43  Refinery  
  16  0:51  SCV  
  16  0:53  Refinery  
  17  1:03  SCV  
  18  1:15  SCV  
  19  1:26  Reaper  
  19  1:27  Orbital Command  
  19  1:30  Supply Depot  
  20  1:40  Factory  
  20  1:54  SCV  
  20  1:59  Reaper  
  22  2:06  SCV  
  23  2:17  Command Center  
  23  2:21  SCV  
  24  2:25  Hellion  
  26  2:32  Starport  
  26  2:35  Barracks Reactor  
  26  2:38  SCV  
  27  2:46  Widow Mine  
  27  2:47  Supply Depot  
  29  2:51  SCV  
  30  3:03  SCV  
  31  3:09  Widow Mine  
  33  3:15  Marine x2, SCV  
  33  3:19  Medivac  
  35  3:28  SCV, Armory  
  35  3:29  Orbital Command  
  35  3:33  Marine x2  
  38  3:38  Widow Mine  
  38  3:41  SCV  
  41  3:53  SCV, Marine x2  
  44  3:58  SCV  
  44  4:01  Widow Mine, Medivac  
  49  4:05  SCV, Supply Depot  
  50  4:12  SCV  
  50  4:14  Marine  
  50  4:15  Marine  
  53  4:17  SCV  
  54  4:25  Factory Tech Lab  
  54  4:27  SCV  
  54  4:29  SCV  
  56  4:32  Bunker  
  56  4:33  Starport Tech Lab  
  56  4:34  Marine  
  57  4:39  SCV  
  57  4:41  SCV  
  59  4:49  Siege Tank  
  59  4:51  SCV, Marine  
  62  4:58  Supply Depot  
  62  4:59  SCV  
  62  5:10  Supply Depot  
  62  5:12  SCV  
  62  5:19  Raven  
  62  5:20  Marine x2, SCV  
  65  5:23  Siege Tank  
  65  5:25  SCV  
  65  5:26  Barracks  
  65  5:31  Barracks  
  65  5:32  SCV  
  65  5:33  Supply Depot  
  66  5:37  SCV  
  66  5:38  Marine x2  
  66  5:39  Engineering Bay, Refinery  
  69  5:44  SCV  
  69  5:49  SCV  
  71  5:55  Marine x2  
  71  5:56  SCV  
  74  5:57  Siege Tank  
  74  6:01  SCV  
  74  6:04  Starport Reactor, Supply Depot  
  78  6:08  SCV  
  78  6:11  Terran Infantry Weapons Level 1  
  79  6:13  SCV, Refinery, Marine x2  
  79  6:14  Supply Depot  
  79  6:16  Marine  
  81  6:20  SCV  
  81  6:25  SCV  
  74  6:31  Marine x2  
  74  6:32  Stimpack, Marauder  
  72  6:33  SCV, Marine  
  72  6:37  SCV  
  73  6:45  SCV  
  74  6:49  Marine x2, SCV  
  74  6:53  Marauder  
  78  6:57  SCV  
  78  6:58  Bunker, Siege Tank  
  82  7:01  SCV  
  82  7:02  Supply Depot  
  82  7:04  Barracks Tech Lab  
  82  7:07  Marine x2  
  84  7:09  SCV  
  84  7:10  Missile Turret  
  84  7:11  Barracks  
  84  7:12  Barracks  
  84  7:13  Medivac  
  87  7:17  Medivac  
  87  7:22  Marauder  
  88  7:24  Marine x2  
  88  7:25  Marauder  
  91  7:33  Siege Tank  
  91  7:34  Missile Turret  
  94  7:40  SCV x2  
  94  7:41  Supply Depot  
  96  7:45  Combat Shield  
  96  7:46  Missile Turret  
  96  7:48  Marine x4  
  99  8:04  Missile Turret  
  99  8:05  Marine x4, Siege Tank  
  99  8:06  Marine x2  
  99  8:09  Medivac  
  109  8:14  Supply Depot, Terran Infantry Armor Level 1  
  109  8:15  Supply Depot  
  108  8:23  Marine x4  
  108  8:24  Marine, Marauder  
  112  8:40  Command Center  
  112  8:41  Marine x4  
  113  8:42  Marauder, Siege Tank  
  113  8:45  Marine  
  118  8:52  SCV x2  
  120  8:58  Marine, Medivac  
  120  8:59  Marine x3  
  126  9:03  Marine x2  
  126  9:04  Medivac  
  123  9:15  SCV  
  123  9:16  Marine x2, Siege Tank  
  123  9:17  Marine x2  
  125  9:21  Marine x2  
  110  9:34  Marine x4  
  110  9:35  SCV  
  104  9:42  Marine  
  104  9:45  Marine  
  101  9:52  Marine  
  97  9:53  SCV x2  
Tags
 
Add a new tag
Caveats
  • Supply blocks, unpowered buildings, or Contaminate may cause inaccurate times.
  • Supply counts are checked every 10 seconds.